 Dungeon Crawl Stone Soup version 0.29.1-4-g47bece8355 (webtiles) character file.

Game seed: 4376484755130343630

1197 Anriel the Skirmisher (level 8, -1/46 HPs)
             Began as a Deep Elf Hunter on Dec 6, 2022.
             Slain by Pikel
             ... wielding a +1 whip of electrocution
              (6 damage)
             ... on level 5 of the Dungeon.
             The game lasted 00:45:32 (5969 turns).

Anriel the Skirmisher (Deep Elf Hunter)             Turns: 5969, Time: 00:45:33

Health: -1/46      AC:  4    Str:  8    XL:     8   Next: 20%
Magic:  12/12      EV: 15    Int: 15    God:
Gold:   326        SH:  0    Dex: 26    Spells: 9/10 levels left

rFire   . . .      SeeInvis .   a - +0 shortbow
rCold   + . .      Faith    .   (shield currently unavailable)
rNeg    . . .      Spirit   .   c - +0 leather armour
rPois   .          Reflect  .   l - +0 helmet
rElec   .          Harm     .   (no cloak)
rCorr   .          Rampage  .   (no gloves)
Will    .....                   (no boots)
Stlth   +++.......              (no amulet)
HPRegen 0.15/turn               m - +6 ring of dexterity
MPRegen 0.13/turn               d - ring of protection from cold

@: mighty
A: no striking features
a: no special abilities


You were on level 5 of the Dungeon.
You visited 1 branch of the dungeon, and saw 6 of its levels.

You collected 326 gold pieces.

Inventory:

Hand Weapons
 a - a +0 shortbow (weapon)
 b - a +0 arbalest
 g - a +2 dagger of protection
 s - a +0 rapier
Missiles
 j - a throwing net
Armour
 c - a +0 leather armour (worn)
 l - a +0 helmet (worn)
 o - a +0 ring mail
Jewellery
 d - a ring of protection from cold (right hand)
 m - a +6 ring of dexterity (left hand)
Wands
 i - a wand of flame (6)
 v - a wand of iceblast (6)
Scrolls
 f - a scroll of magic mapping
 h - 2 scrolls of identify
Potions
 e - a potion of might
 t - a potion of magic
 u - a potion of flight
 w - a potion of mutation


   Skills:
 + Level 3.3 Fighting
 - Level 10.4 Ranged Weapons
 * Level 5.3 Dodging
 * Level 5.4 Stealth
 * Level 1.5 Spellcasting


You had 9 spell levels left.
You knew the following spells:

 Your Spells              Type           Power      Damage    Failure   Level
a - Slow                  Hex            4%         N/A       34%         1

Your spell library contained the following spells:

 Spells                   Type           Power      Damage    Failure   Level
 Confusing Touch          Hex            1%         N/A       71%         3
 Gell's Gravitas          Tloc           1%         N/A       71%         3
 Lesser Beckoning         Tloc           1%         N/A       71%         3
 Teleport Other           Tloc           1%         N/A       71%         3
 Vampiric Draining        Necr           1%         2d6       71%         3


Dungeon Overview and Level Annotations

Branches:
Dungeon (6/15)
 Temple: D:4-7

Altars:
Cheibriados
Dithmenos
Elyvilon
Hepliaklqana
Kikubaaqudgha
Nemelex Xobeh
Okawaru
Wu Jian

Shops:
D:1 (

Annotations:
D:5 Pikel


Message History

Pikel hits you with a +1 whip of electrocution.
Pikel attacks as you move away! Pikel closely misses you.
The lemure attacks as you move away! The lemure barely misses you.
Okay, then.
The lemure attacks as you move away! The lemure hits you.
Pikel hits you with a +1 whip of electrocution!
The lemure attacks as you move away! The lemure completely misses you.
Pikel attacks as you move away! Pikel closely misses you.
The lemure attacks as you move away! The lemure hits you.
There is an escape hatch in the ceiling here.
The lemure barely misses you.
Pikel hits you with a +1 whip of electrocution!
* * * LOW HITPOINT WARNING * * *
A mysterious force pulls you upwards. The hatch slams shut behind you.
Pikel attacks as you move away! Pikel misses you.
Pikel attacks as you move away!
Pikel hits you with a +1 whip of electrocution.
* * * LOW HITPOINT WARNING * * *
Okay, then.
Aiming: Throw Flame
Press: ? - help, Shift-Dir - straight line, f - Pikel
Aim: Pikel, wielding a +1 whip of electrocution and wearing a +0 robe (60% to hit)
The puff of flame hits Pikel.
Pikel is lightly wounded.
Pikel barely misses you.
Aiming: Throw Flame
Press: ? - help, Shift-Dir - straight line, f/p - Pikel
Aim: Pikel, wielding a +1 whip of electrocution and wearing a +0 robe (lightly wounded, 60% to hit)
The puff of flame misses Pikel.
The puff of flame hits the lemure.
The lemure is lightly wounded.
Pikel closely misses you. Pikel attacks as you move away!
Pikel hits you with a +1 whip of electrocution.
* * * LOW HITPOINT WARNING * * *
Aiming: Iceblast
Press: ? - help, Shift-Dir - straight line, p - Pikel The mass of ice explodes!
The iceblast engulfs Pikel!
Pikel is moderately wounded.
Pikel hits you with a +1 whip of electrocution.
You die...

..##......# # ..##.###..#
######### ##
....)###..########.......#######.
....(...........##.#####.##[.....
.####.###.##.....#.#####.##.#####
.# #.# #.#........##.......# .#
#.# #..........##.##.#### '##
#.#####......K.##.##.# #
..###...........@#.##.##.# ##
...##########...##5......# ##.
....## ##.###.######.##.######..
.....####...##.######............
.....'...)..............>........
.....####...##.######......##....
....## ##.###.# #..#...##....
...## ### #.# #..###.###.## ..##
#.# #......#°...§


You could see Pikel.

Vanquished Creatures
  Sigmund (D:3)
  A black bear (D:5)
  An orc warrior (D:3)
  An ice beast (D:6)
  A necrophage (D:4)
  2 scorpions
  2 wights (D:6)
  A jelly (D:4)
  A gnoll bouda (D:6)
  Ijyb (D:5)
  Jessica (D:3)
  2 iguanas
  Natasha (thrice) (D:3)
  An orc wizard (D:3)
  3 gnolls
  10 adders
  2 white imps
  An ufetubus (D:4)
  2 worms
  4 dart slugs
  4 orcs
  11 endoplasms
  5 giant cockroaches
  7 hobgoblins
  4 jackals
  7 quokkas
  8 ball pythons
  6 bats
  A frilled lizard (D:3)
  5 goblins
  6 kobolds
  4 rats
109 creatures vanquished.

Notes
Turn   | Place    | Note
-------+----------+-------------------------------------------
     0 | D:1      | Anriel the Deep Elf Hunter began the quest for the Orb.
     0 | D:1      | Reached XP level 1. HP: 12/12 MP: 3/3
   392 | D:1      | Reached XP level 2. HP: 17/17 MP: 4/4
   408 | D:1      | Found a faded altar of an unknown god.
   450 | D:1      | Found Irouc's Antique Weapon Boutique.
  1048 | D:2      | Reached skill level 6 in Ranged Weapons
  1063 | D:2      | Reached XP level 3. HP: 19/21 MP: 5/5
  1168 | D:2      | Reached XP level 4. HP: 25/26 MP: 6/6
  1458 | D:3      | Noticed Sigmund
  1535 | D:3      | Found a sparkling altar of Nemelex Xobeh.
  1892 | D:3      | Noticed an orc warrior
  1897 | D:3      | Killed an orc warrior
  1898 | D:3      | Reached skill level 7 in Ranged Weapons
  1898 | D:3      | Reached XP level 5. HP: 23/30 MP: 7/7
  2090 | D:3      | Noticed Natasha
  2093 | D:3      | Killed Natasha
  2161 | D:3      | Noticed Jessica
  2163 | D:3      | Killed Jessica
  2164 | D:3      | Reached skill level 8 in Ranged Weapons
  2164 | D:3      | Reached XP level 6. HP: 36/36 MP: 8/8
  2364 | D:3      | Killed Sigmund
  2399 | D:3      | Noticed Natasha
  2424 | D:3      | Killed Natasha
  3265 | D:3      | Noticed Natasha
  3287 | D:3      | Killed Natasha
  3586 | D:4      | Reached skill level 9 in Ranged Weapons
  3586 | D:4      | Reached XP level 7. HP: 40/40 MP: 9/9
  3898 | D:4      | Found a white marble altar of Elyvilon.
  4165 | D:4      | Found an iron altar of Okawaru.
  4172 | D:4      | Found an ornate altar of the Wu Jian Council.
  4172 | D:4      | Found a hazy altar of Hepliaklqana.
  4173 | D:4      | Found a shadowy altar of Dithmenos.
  4363 | D:5      | Entered Level 5 of the Dungeon
  4850 | D:5      | Found a snail-covered altar of Cheibriados.
  4969 | D:5      | Reached skill level 10 in Ranged Weapons
  5033 | D:5      | Found an ancient bone altar of Kikubaaqudgha.
  5092 | D:5      | Noticed Ijyb
  5094 | D:5      | Killed Ijyb
  5682 | D:6      | Reached skill level 5 in Dodging
  5682 | D:6      | Reached skill level 5 in Stealth
  5682 | D:6      | Reached XP level 8. HP: 38/46 MP: 10/10
  5749 | D:6      | Learned a level 1 spell: Slow
  5813 | D:6      | Reached skill level 1 in Spellcasting
  5921 | D:6      | Noticed Pikel
  5969 | D:5      | Slain by Pikel

Illustrated notes

Levels and vault maps discovered:
D:1:      psy_arrival_radial01, layout_loops_ring, serial_shops,
          nicolae_shop_trees, dreamdust_ecumenical_altar_grove
D:2:      layout_rooms, minmay_ruptured
D:3:      minmay_recursive_quarters, layout_loops_ring,
          nemelex_diamond_rough_becter, uniq_jessica, uniq_natasha, uniq_sigmund
D:4:      layout_basic, nicolae_overflow_hidden_temple,
          chequers_temple_overflow_statue_of_worship
D:5:      layout_loops_corners, nicolae_kikubaaqudgha_miasma_corner,
          mainiacjoe_overflow_alcove_1, uniq_ijyb
D:6:      layout_basic, grunt_temple_overflow_holy_war, portal_sewer_entry_e,
          minmay_diced_spiral, uniq_pikel, uniq_eustachio

Skill      XL: |  1  2  3  4  5  6  7  8 |
---------------+-------------------------+-----
Ranged Weapons | 6 7 8 9 10 | 10.4
Fighting       | 2 3 |  3.3
Stealth        | 2 3 4 5 |  5.4
Dodging        | 3 4 5 |  5.3
Spellcasting   | 1 |  1.5

Action                   |  1- 3 |  4- 6 |  7- 9 || total
-------------------------+-------+-------+-------++-------
 Fire: Shortbow          |    90 |    79 |    40 ||   209
       Arbalest          |       |    34 |    60 ||    94
 Cast: Slow              |       |       |     4 ||     4
Evoke: Wand              |       |       |     3 ||     3
  Use: Scroll            |       |     9 |    11 ||    20
       Potion            |       |     3 |     4 ||     7
Armor: Leather armour    |     7 |     9 |    10 ||    26
       Skin              |       |     8 |       ||     8
Dodge: Dodged            |     7 |    21 |    47 ||    75
